 Dungeon Crawl Stone Soup version 0.26.0-90-g5fd8617961 (webtiles) character file.

Game seed: 6762805986498973070

5513 Gadfly the Chucker (level 10, -4/94 HPs)
             Began as an Ogre Gladiator on Feb 2, 2021.
             Was a High Priest of Okawaru.
             Slain by a two-headed ogre
             ... wielding a +0 giant club
              (19 damage)
             ... on level 9 of the Dungeon.
             The game lasted 00:17:20 (15013 turns).

Gadfly the Chucker (Ogre Gladiator)                Turns: 15013, Time: 00:17:21

Health: -4/94      AC: 14    Str: 23    XL:     10   Next: 70%
Magic:  0/14       EV: 16    Int:  9    God:    Okawaru [*****.]
Gold:   571        SH:  0    Dex: 10    Spells: 4/9 levels left

rFire    . . .     SeeInvis .   b - +2 dagger (elec)
rCold    . . .     Faith    .   (no shield)
rNeg     . . .     Spirit   +   C - +0 acid dragon scales
rPois    +         Reflect  .   c - +1 hat
rElec    .         Harm     .   n - +0 cloak
rCorr    +         Rampage  .   (gloves unavailable)
Will     +....                  (boots unavailable)
Stlth    ++........             y - amulet of guardian spirit
HPRegen  0.25/turn              k - +4 ring of evasion
MPRegen  0.14/turn              (no ring)

@: heroism
A: large, unfitting armour, yellow scales 1, poison resistance, tough skin 1,
evolution 1
a: Renounce Religion, Heroism, Finesse


You were on level 9 of the Dungeon.
You worshipped Okawaru.
Okawaru was extremely pleased with you.
You visited 2 branches of the dungeon, and saw 10 of its levels.

You collected 571 gold pieces.

Inventory:

Hand Weapons
 a - a +2 morningstar of pain
 b - a +2 dagger of electrocution (weapon)
 m - a +4 dagger of chaos
 q - a +0 spear of flaming
 z - a +0 giant club
 F - a +0 dire flail
Missiles
 d - 2 throwing nets
 t - 11 boomerangs (quivered)
 x - 2 silver javelins
Armour
 c - a +1 hat (worn)
 n - a +0 cloak (worn)
 C - +0 acid dragon scales (worn)
Jewellery
 k - a +4 ring of evasion (left hand)
 o - an uncursed amulet of the acrobat
 y - an amulet of guardian spirit (around neck)
Wands
 h - a wand of polymorph (6)
 A - a wand of random effects (11)
Scrolls
 f - 2 scrolls of enchant armour
 g - 4 scrolls of remove curse
 p - a scroll of teleportation
 s - a scroll of magic mapping
 u - a scroll of summoning
 v - 2 scrolls of identify
 w - a scroll of enchant weapon
 B - a scroll of holy word
Potions
 e - 3 potions of cancellation
 i - 3 potions of attraction
 j - a potion of flight
 l - a potion of resistance
 D - a potion of lignification
 E - a potion of ambrosia


   Skills:
 + Level 4.3(9.3) Fighting
 * Level 6.3(11.3) Maces & Flails
 * Level 6.7(11.7) Throwing
 + Level 6.3(11.3) Armour
 - Level 2.6(7.6) Dodging
 + Level 6.4 Invocations
 + Level 6.4 Evocations


You had 4 spell levels left.
You knew the following spells:

 Your Spells              Type           Power        Failure   Level
a - Conjure Flame         Conj/Fire      0%           82%         3
b - Swiftness             Air            0%           58%         2

Your spell library contained the following spells:

 Spells                   Type           Power        Failure   Level
 Foxfire                  Conj/Fire      0%           43%         1
 Shock                    Conj/Air       0%           43%         1
 Inner Flame              Hex/Fire       0%           82%         3
 Static Discharge         Conj/Air       0%           82%         3
 Airstrike                Air            0%           99%         4
 Sticky Flame             Conj/Fire      0%           99%         4
 Fireball                 Conj/Fire      0%           100%        5
 Lightning Bolt           Conj/Air       0%           100%        5


Dungeon Overview and Level Annotations

Branches:
Dungeon (9/15)             Temple (1/1) D:4            Lair (0/6) D:8
    Orc: D:9-12

Altars:
Ashenzari
Cheibriados
Dithmenos
Elyvilon
Fedhas
Gozag
Hepliaklqana
Kikubaaqudgha
Makhleb
Nemelex Xobeh
Okawaru
Qazlal
Ru
Sif Muna
Trog
Uskayaw
Vehumet
Yredelemnul
Zin
The Shining One

Shops:
D:6 :


Innate Abilities, Weirdness & Mutations

You are too large for most types of armour.
You have tough skin. (AC +1)
You are partially covered in yellow scales. (AC +2)
Your system is resistant to poisons. (rPois)
You evolve.


Message History

The two-headed ogre hits you with a +0 giant club.
* * * LOW HITPOINT WARNING * * *
You hit the two-headed ogre but do no damage.
The two-headed ogre is almost dead.
You hit the two-headed ogre but do no damage.
The two-headed ogre is almost dead.
The two-headed ogre misses you.
The two-headed ogre hits you with a +0 giant club.
* * * LOW HITPOINT WARNING * * *
You hit the two-headed ogre.
The two-headed ogre is almost dead.
The two-headed ogre closely misses you. x2
Okay, then.
You barely miss the two-headed ogre.
The two-headed ogre is almost dead.
You hit the two-headed ogre but do no damage.
The two-headed ogre is almost dead.
The two-headed ogre completely misses you.
The two-headed ogre hits you with a +0 giant club!!
You die...

.# .### ##+# ...
##... #.### ##....
#.#.## ##.....
#....####......
#.......'......
#####..>.####......
#.@.......# ##.....
#O###.###.# ##....
#. #.# #.# ##... #.
#.# #.#######'# #.
#.# #.#.......# #.
#.# #.#.#####.. #.
#.# #.. ##.. #. ...
... ##... #.# ##.
.....


You could see a two-headed ogre.

Vanquished Creatures
  Harold (D:8)
  A manticore (D:8)
  Psyche (D:8)
  Maggie (D:6)
  Prince Ribbit (D:8)
  2 wyverns (D:8)
  A basilisk (D:7)
  3 water moccasins (D:8)
  3 black bears (D:8)
  An orc warrior (D:6)
  3 ice beasts
  An ogre (D:5)
  2 wolves
  4 centaurs
  A big kobold (D:8)
  3 bullfrogs (D:6)
  3 killer bees
  3 howler monkeys
  2 bullfrog zombies
  A quasit (D:8)
  2 orc priests
  A centaur skeleton (D:4)
  4 hounds
  3 iguanas
  19 orc wizards
  2 worker ants (D:4)
  A hound zombie (D:8)
  2 hound skeletons
  2 howler monkey zombies
  3 gnolls
  7 adders
  3 shadow imps
  An ufetubus (D:9)
  An ooze (D:1)
  An adder skeleton (D:4)
  4 dart slugs
  4 leopard geckos
  14 orcs
  A ball python (D:1)
  7 giant cockroaches
  5 hobgoblins
  4 jackals
  13 kobolds
  3 quokkas
  4 bats (D:1)
  3 frilled lizards
  5 goblins
  A jackal skeleton (D:7)
  A quokka zombie (D:5)
  5 rats
164 creatures vanquished.

Vanquished Creatures (others)
  5 fungi (D:8)
  18 plants
23 creatures vanquished.

Grand Total: 187 creatures vanquished

Notes
Turn   | Place    | Note
-------+----------+-------------------------------------------
     0 | D:1      | Gadfly the Ogre Gladiator began the quest for the Orb.
     0 | D:1      | Reached XP level 1. HP: 22/22 MP: 1/1
   337 | D:1      | Reached XP level 2. HP: 22/29 MP: 2/2
   548 | D:1      | Reached skill level 1 in Invocations
  1348 | D:2      | Reached skill level 1 in Armour
  1348 | D:2      | Reached XP level 3. HP: 35/36 MP: 3/3
  1756 | D:2      | Reached skill level 1 in Evocations
  2413 | D:3      | Reached XP level 4. HP: 36/44 MP: 5/5
  2733 | D:3      | Reached XP level 5. HP: 48/50 MP: 6/6
  2987 | D:3      | Found a blossoming altar of Fedhas.
  3007 | D:3      | Found a sparkling altar of Nemelex Xobeh.
  3070 | D:3      | Found a basalt altar of Yredelemnul.
  3571 | D:3      | Found a hazy altar of Hepliaklqana.
  3744 | D:4      | Found a staircase to the Ecumenical Temple.
  3758 | Temple   | Entered the Ecumenical Temple
  3998 | Temple   | Became a worshipper of Warmaster Okawaru
  4106 | D:4      | Found a shimmering blue altar of Sif Muna.
  4227 | D:4      | Reached XP level 6. HP: 52/59 MP: 6/8
  4896 | D:4      | Reached XP level 7. HP: 59/66 MP: 9/9
  4938 | D:4      | Learned a level 3 spell: Conjure Flame
  5417 | D:4      | Reached * piety under Okawaru
  5919 | D:5      | Entered Level 5 of the Dungeon
  5959 | D:5      | Found a burning altar of Makhleb.
  7676 | D:6      | Noticed Maggie
  8255 | D:5      | Reached XP level 8. HP: 33/74 MP: 3/10
  9286 | D:6      | Killed Maggie
  9286 | D:6      | Reached ** piety under Okawaru
  9645 | D:6      | Found Eceolewo's Book Shoppe.
 10051 | D:7      | Reached XP level 9. HP: 72/80 MP: 10/12
 10195 | D:7      | Reached *** piety under Okawaru
 10260 | D:7      | Reached skill level 5 in Evocations
 10271 | D:7      | Reached skill level 5 in Armour
 10271 | D:7      | Reached skill level 5 in Invocations
 11535 | D:7      | Reached skill level 5 in Throwing
 12011 | D:8      | Reached skill level 5 in Maces & Flails
 12341 | D:8      | Reached **** piety under Okawaru
 12806 | D:8      | Found a staircase to the Lair.
 12815 | D:8      | Reached XP level 10. HP: 81/88 MP: 12/14
 13057 | D:8      | Learned a level 2 spell: Swiftness
 13061 | D:8      | Noticed Prince Ribbit
 13078 | D:8      | Killed Prince Ribbit
 13422 | D:8      | Got an iridescent dagger
 13423 | D:8      | Identified the +7 dagger "Ytuosin" {pain, rC- Dex+6} (You
                  | found it on level 8 of the Dungeon)
 13484 | D:8      | Noticed Harold
 13484 | D:8      | Noticed Psyche
 13510 | D:8      | Killed Harold
 13537 | D:8      | Killed Psyche
 13839 | D:8      | Noticed a manticore
 13852 | D:8      | Killed a manticore
 13852 | D:8      | Reached ***** piety under Okawaru
 14905 | D:9      | Gained mutation: You evolve. [potion of mutation]
 14905 | D:9      | Gained mutation: You do not regenerate when monsters are
                  | visible. [potion of mutation]
 14905 | D:9      | Gained mutation: You are partially covered in yellow
                  | scales. (AC +2) [potion of mutation]
 14906 | D:9      | Lost mutation: You do not regenerate when monsters are
                  | visible. [potion of mutation]
 14906 | D:9      | Gained mutation: Your system is resistant to poisons.
                  | (rPois) [potion of mutation]
 14996 | D:9      | Noticed a two-headed ogre
 15013 | D:9      | Slain by a two-headed ogre

Illustrated notes

Levels and vault maps discovered:
D:1:      heliophobic_arrival_ceremonial_halls, layout_loops_ring,
          minmay_pentomino_z2
D:2:      layout_basic
D:3:      layout_basic, nicolae_overflow_quartered_altars
D:4:      layout_cave_pools, lemuel_crystal_altar,
          minmay_temple_entry_crystal_x, serial_forest, infiniplex_forest_end_2,
          infiniplex_forest_straight_5, infiniplex_forest_zigzag_2,
          infiniplex_forest_lined_corner, infiniplex_forest_clump_small,
          infiniplex_forest_lined_2, infiniplex_forest_clump_medium,
          infiniplex_forest_straight_2, infiniplex_forest_end_3,
          minmay_tree_intersection, minmay_a_box_with_orc_wizards_in_it
D:5:      layout_rooms, makhleb_heckhound_becter
D:6:      layout_loops_ring, serial_shops, kennysheep_little_box, uniq_maggie
D:7:      layout_rooms, minivault_5
D:8:      layout_basic, minmay_lair_entry_grove, uniq_psyche, uniq_harold,
          uniq_prince_ribbit1
D:9:      minmay_flawed_box, layout_loops_corners, overflow_temple_1_default,
          nicolae_overflow_crystal_walls
Temple:   regret_index_temple_generic_petals

Skill      XL: |  1  2  3  4  5  6  7  8  9 10 |
---------------+-------------------------------+-----
Invocations    | 1 2 3 4 5 6 |  6.4
Armour         | 1 2 3 4 6 |  6.3
Evocations     | 1 2 3 4 6 |  6.4
Maces & Flails | 3 4 5 6 |  6.3
Throwing       | 3 4 5 6 |  6.7
Fighting       | 4 |  4.3
Dodging        | |  2.6

Action                   |  1- 3 |  4- 6 |  7- 9 | 10-12 || total
-------------------------+-------+-------+-------+-------++-------
Melee: Flail             |    23 |       |       |       ||    23
       Dagger            |    91 |   111 |   403 |   137 ||   742
       Morningstar       |       |       |    43 |    18 ||    61
       Punch             |       |       |       |     1 ||     1
Throw: Stone             |     5 |       |     3 |       ||     8
       Throwing net      |     3 |       |       |       ||     3
       Boomerang         |       |       |    33 |    39 ||    72
Invok: Heroism           |       |       |     2 |     2 ||     4
Evoke: Wand              |       |       |       |     1 ||     1
  Use: Scroll            |     6 |    10 |     9 |     1 ||    26
       Potion            |     2 |       |     2 |     4 ||     8
 Stab: Sleeping          |     2 |       |     1 |       ||     3
Armor: Robe              |    36 |    31 |    51 |       ||   118
       Acid dragon scale |       |       |   155 |    71 ||   226
       Skin              |       |       |     4 |    29 ||    33
Dodge: Dodged            |    57 |    51 |   249 |    75 ||   432
